 Dungeon Crawl Stone Soup version 0.25-a0-589-g1e14c549ee (webtiles) character file.

Game seed: 6100585535037558690, levelgen mode: deterministic

2285 Haet the Digger (level 9, -4/51 HPs)
             Began as a Gargoyle Earth Elementalist on Mar 13, 2020.
             Was a Believer of Vehumet.
             Slain by a death yak (17 damage)
             ... on level 7 of the Dungeon.
             The game lasted 00:20:07 (6221 turns).

Haet the Digger (Gargoyle Earth Elementalist)       Turns: 6221, Time: 00:20:08

Health: -4/51      AC: 11    Str: 11    XL:     9   Next: 39%
Magic:  4/17       EV: 13    Int: 20    God:    Vehumet [**....]
Gold:   221        SH:  0    Dex: 10    Spells: 8/19 levels left

rFire    . . .     SeeInvis .   u - +3 morningstar (holy)
rCold    . . .     Gourm    .   (no shield)
rNeg     + . .     Faith    .   c - +0 robe
rPois    ∞         Spirit   .   f - +1 helmet
rElec    +         Reflect  .   (no cloak)
rCorr    +         Harm     .   (no gloves)
MR       .....                  C - +0 pair of boots
Stlth    ++........             (no amulet)
HPRegen  0.17/turn              e - ring of resist corrosion
MPRegen  0.15/turn              B - ring of flight

@: brilliant, berserk cooldown, stab, slowed, very slow
A: negative energy resistance 1, electricity resistance, unbreathing,
petrification resistance, rot immunity, AC +6
a: Renounce Religion, Evoke Flight


You were on level 7 of the Dungeon.
You worshipped Vehumet.
Vehumet was pleased with you.
You were not hungry.

You visited 2 branches of the dungeon, and saw 9 of its levels.

You collected 340 gold pieces.
You spent 119 gold pieces at shops.

Inventory:

Hand Weapons
 u - a +3 morningstar of holy wrath (weapon)
Missiles
 b - 206 stones (quivered)
 z - a throwing net
Armour
 c - a +0 robe (worn)
 f - a +1 helmet (worn)
 q - a +2 pair of boots
 C - a +0 pair of boots (worn)
Jewellery
 e - a ring of resist corrosion (left hand)
 B - a ring of flight (right hand)
Wands
 h - a wand of flame (15)
 x - a wand of iceblast (6)
Scrolls
 k - 2 scrolls of teleportation
 n - 2 scrolls of immolation
 y - 2 scrolls of magic mapping
 A - 3 scrolls of fear
Potions
 a - 2 potions of curing
 i - a potion of flight
 l - 2 potions of degeneration {unknown}
 m - 2 potions of lignification {unknown}
 p - a potion of invisibility {unknown}
 r - 2 potions of heal wounds
 v - 2 potions of brilliance
 w - 2 potions of haste {unknown}
Comestibles
 d - 15 rations
 o - 2 chunks of flesh


   Skills:
 + Level 3.3 Fighting
 + Level 3.1 Maces & Flails
 + Level 3.2 Armour
 + Level 3.1 Dodging
 - Level 2.1 Stealth
 + Level 5.6 Spellcasting
 + Level 5.5 Conjurations
 - Level 0.7 Transmutations
 + Level 7.7 Earth Magic
 + Level 2.7 Evocations


You had 8 spell levels left.
You knew the following spells:

 Your Spells              Type           Power        Failure   Level  Hunger
a - Sandblast             Erth           ######       1%          1    None
b - Stone Arrow           Conj/Erth      #####.       2%          3    None
c - Lee's Rapid Deconstr  Erth           ######....   12%         5    None
d - Passwall              Tmut/Erth      ####....     3%          2    None

Your spell library contained the following spells:

 Spells                   Type           Power        Failure   Level  Hunger
 Dazzling Flash           Conj/Hex       ###...       11%         3    None
 Sting                    Tmut/Pois      ##..         10%         1    None
 Mephitic Cloud           Conj/Pois/Air  ###.....     16%         3    None
 Poisonous Vapours        Pois/Air       #.....       17%         2    None
 Petrify                  Tmut/Erth      ####....     19%         4    None
 Ignite Poison            Fire/Tmut/Pois #.......     30%         3    None
 Olgreb's Toxic Radiance  Pois           #.......     73%         4    None


Dungeon Overview and Level Annotations

Branches:
Dungeon (8/15)             Temple (1/1) D:6
   Lair: D:8-11

Altars:
Okawaru
Qazlal
Ru
Sif Muna
Vehumet

Shops:
D:6 (   D:7 [


Innate Abilities, Weirdness & Mutations

You are resistant to torment.
Your stone body is resilient. (AC +6)
You are immune to poison.
You resist negative energy. (rN+)
You are resistant to electric shocks. (rElec)
You can survive without breathing.
You are immune to petrification.
You are immune to rotting.


Message History

A red film seems to cover your vision as you go berserk!
You feel yourself moving faster!
You feel mighty! The death yak gores you!
You barely miss the death yak.
The death yak is severely wounded.
You puncture the death yak!
The death yak is almost dead.
The death yak gores you!!
* * * LOW HITPOINT WARNING * * *
You are too berserk!
You feel a strong urge to attack something.
There is a stone staircase leading up here.
You climb upwards.
You feel your anger nearly subside.
You are no longer berserk.
You are exhausted.
You feel yourself slow down.
There is a stone staircase leading down here.
You hit the death yak but do no damage.
The death yak is severely wounded.
The death yak gores you!
You die...

#.# #.....#.###.
#.# #.....#.##..
#.# #.....#.##.#
#.# #.....#.##.#
#.# #######.....
#.# #########.#
###.### #......##)#
#...#.###.####.##<#
#.@.......####.##.#
#.Y...........<...#
#..........#(#.####
#.>............#
##.#...#.#######
#.......# #########


You could see a death yak.

Vanquished Creatures
  Grinder (D:3)
  A spriggan (D:7)
  A hungry ghost (D:7)
  A water moccasin (D:5)
  2 porcupines (D:8)
  2 ogres
  A necrophage (D:7)
  A centaur (D:5)
  2 bullfrogs
  2 gnoll sergeants (D:6)
  A scorpion (D:6)
  2 howler monkeys
  2 crimson imps (D:6)
  A hound (D:6)
  2 orc wizards (D:4)
  2 orc priests
  3 iguanas
  3 worker ants
  12 gnolls (D:6)
  12 adders
  2 river rats (D:8)
  An adder skeleton (D:4)
  4 worms
  3 dart slugs (D:1)
  2 leopard geckos
  21 orcs
  2 giant cockroaches
  7 goblins
  9 hobgoblins
  16 jackals
  12 kobolds
  6 quokkas
  2 ball pythons
  4 bats
  5 frilled lizards
  A quokka skeleton (D:7)
  9 rats
160 creatures vanquished.

Vanquished Creatures (others)
  An adder (D:2)
1 creature vanquished.

Grand Total: 161 creatures vanquished

Notes
Turn   | Place    | Note
-------+----------+-------------------------------------------
     0 | D:1      | Haet the Gargoyle Earth Elementalist began the quest for
                  | the Orb.
     0 | D:1      | Reached XP level 1. HP: 10/10 MP: 3/3
    96 | D:1      | Reached skill level 4 in Earth Magic
    96 | D:1      | Reached XP level 2. HP: 8/15 MP: 0/5
   679 | D:2      | Reached XP level 3. HP: 19/19 MP: 4/7
   754 | D:2      | Learned a level 3 spell: Stone Arrow
  1012 | D:2      | Reached XP level 4. HP: 24/24 MP: 4/8
  1079 | D:2      | Reached skill level 1 in Conjurations
  1385 | D:3      | Noticed Grinder
  1391 | D:3      | Killed Grinder
  1391 | D:3      | Reached skill level 5 in Earth Magic
  1391 | D:3      | Reached XP level 5. HP: 28/28 MP: 2/11
  1391 | D:3      | Reached XP level 6. HP: 32/32 MP: 2/12
  1608 | D:3      | Found a shimmering blue altar of Sif Muna.
  1618 | D:3      | Learned a level 5 spell: Lee's Rapid Deconstruction
  1621 | D:3      | Learned a level 2 spell: Passwall
  1708 | D:3      | Found an iron altar of Okawaru.
  1761 | D:3      | Reached skill level 6 in Earth Magic
  1969 | D:3      | Found a faded altar of an unknown god.
  2689 | D:4      | Reached XP level 7. HP: 36/36 MP: 7/13
  2802 | D:4      | Got a fine trident
  2803 | D:4      | Identified the +3 trident of Faamnie {freeze, Int-5 Dex+8}
                  | (You found it on level 4 of the Dungeon)
  2814 | D:4      | Found a radiant altar of Vehumet.
  2824 | D:4      | Became a worshipper of Vehumet
  3331 | D:4      | Reached * piety under Vehumet
  3331 | D:4      | Offered knowledge of Foxfire by Vehumet.
  3701 | D:5      | Entered Level 5 of the Dungeon
  3766 | D:5      | Reached skill level 1 in Fighting
  3766 | D:5      | Reached skill level 1 in Maces & Flails
  3766 | D:5      | Reached skill level 1 in Armour
  3766 | D:5      | Reached XP level 8. HP: 19/43 MP: 13/15
  3929 | D:5      | Found a stormy altar of Qazlal.
  3963 | D:5      | Reached skill level 1 in Evocations
  4039 | D:5      | Reached skill level 7 in Earth Magic
  4283 | D:5      | Reached skill level 5 in Spellcasting
  4522 | D:6      | Reached ** piety under Vehumet
  4522 | D:6      | Offered knowledge of Searing Ray by Vehumet.
  4756 | D:6      | Found Hufot's Antique Weapon Emporium.
  4766 | D:6      | Found a staircase to the Ecumenical Temple.
  4782 | Temple   | Entered the Ecumenical Temple
  4826 | D:6      | Reached skill level 5 in Conjurations
  5195 | D:6      | Bought a runed morningstar for 119 gold pieces
  5361 | D:7      | Found Kaedyd's Armour Boutique.
  5389 | D:7      | Noticed a spriggan baker
  5406 | D:7      | Killed a spriggan baker
  5406 | D:7      | Reached XP level 9. HP: 23/49 MP: 13/17
  5759 | D:7      | Found a sacrificial altar of Ru.
  6081 | D:8      | Noticed a death yak
  6083 | D:8      | Offered knowledge of Dazzling Flash by Vehumet.
  6090 | D:8      | Noticed a death yak
  6192 | D:8      | Noticed a death yak
  6221 | D:7      | Slain by a death yak

Levels and vault maps discovered:
D:1:      dpeg_arrival_stone_temple_mockup, layout_rooms
D:2:      layout_rooms, lemuel_flame_loot_1
D:3:      layout_loops_corners, lemuel_crystal_altar,
          nicolae_overflow_hidden_temple, chequers_ecumenical_altar_island,
          minmay_misc_feat_rows, minmay_door_square, uniq_grinder
D:4:      layout_basic, vehumet_crystals
D:5:      layout_rooms, nicolae_qazlal_general_emergency, first_ration,
          hex_medium
D:6:      layout_loops_ring, minmay_temple_entry_grid, serial_shops,
          nicolae_shop_window_shopping
D:7:      layout_loops_cross, nicolae_ru_sacrificial_ziggurat, serial_shops,
          nicolae_shop_behind_doors, the_bakery
D:8:      layout_basic, nemelex_xobeh_ov_fountains_minmay, dpeg_lair_monsters,
          chequers_decorated_corner, hangedman_decor_slide_cut
Temple:   nicolae_temple_elliptical

Skill      XL: |  1  2  3  4  5  6  7  8  9 |
---------------+----------------------------+-----
Earth Magic    | 4 5 6 7 |  7.7
Spellcasting   | 3 4 5 |  5.6
Conjurations   | 3 4 5 |  5.5
Fighting       | 1 2 3 |  3.3
Maces & Flails | 1 2 3 |  3.1
Armour         | 1 2 3 |  3.2
Dodging        | 2 3 |  3.1
Evocations     | 2 |  2.7
Stealth        | |  2.1
Transmutations | |  0.7

Action                   |  1- 3 |  4- 6 |  7- 9 || total
-------------------------+-------+-------+-------++-------
Melee: Dagger            |    42 |   113 |    22 ||   177
       Mace              |       |       |   134 ||   134
       Morningstar       |       |       |    60 ||    60
 Cast: Sandblast         |    16 |    22 |    80 ||   118
       Passwall          |       |     2 |       ||     2
       Lee's Rapid Decon |       |       |    12 ||    12
       Stone Arrow       |       |       |     3 ||     3
Evoke: Wand              |       |       |     4 ||     4
  Use: Scroll            |     4 |     3 |     7 ||    14
       Potion            |       |       |     4 ||     4
 Stab: Sleeping          |     2 |     2 |     3 ||     7
  Eat: Chunk             |       |     6 |    15 ||    21
Armor: Robe              |    14 |    41 |   145 ||   200
Dodge: Dodged            |    37 |    83 |   177 ||   297

Table legend:
 A = Non-vault XP
 B = Vault XP
 C = Vault XP percentage of total XP
 D = Non-vault monster count
 E = Vault monster count
 F = Vault count percentage of total count
                 A         B        C        D         E       F
            +---------+---------+-------+---------+---------+-------
      Total |    2431 |     834 |  25.5 |     151 |       9 |   5.6
            +---------+---------+-------+---------+---------+-------
        D:1 |      23 |       0 |   0.0 |       9 |       0 |   0.0
        D:2 |      96 |       0 |   0.0 |      25 |       0 |   0.0
        D:3 |     178 |     304 |  63.1 |      32 |       1 |   3.0
        D:4 |     446 |       0 |   0.0 |      26 |       0 |   0.0
        D:5 |     478 |       0 |   0.0 |      20 |       0 |   0.0
        D:6 |     762 |       0 |   0.0 |      29 |       0 |   0.0
        D:7 |     445 |     220 |  33.1 |       9 |       1 |  10.0
        D:8 |       3 |     310 |  99.0 |       1 |       7 |  87.5
            +---------+---------+-------+---------+---------+-------
